 Dungeon Sprint DCSS version 0.30-a0-760-g5a9884bb7c (webtiles) character file.

Game seed: 8530471171502958296

0 sircluck the Shooter (level 1, -1/14 (16) HPs)
             Began as a Formicid Hunter on Feb 10, 2023.
             Killed from afar by Ijyb (11 damage)
             ... with a bolt of light
             ... in the Dungeon (Sprint I: "Red Sonja").
             The game lasted 00:00:16 (649 turns).

sircluck the Shooter (Formicid Hunter)               Turns: 649, Time: 00:00:16

HP:   -1/14 (16)    AC:  3    Str: 15    XL:     1   Next: 0%
MP:   1/1           EV: 12    Int:  8    God:
Gold: 54            SH:  0    Dex: 17    Spells: 0/0 levels left

rFire   . . .      SeeInvis +    a - +0 shortbow
rCold   . . .      Faith    .    (no shield)
rNeg    . . .      Spirit   .    c - +0 leather armour
rPois   .          Reflect  .    (helmet unavailable)
rElec   .          Harm     .    (no cloak)
rCorr   .          Rampage  .    (no gloves)
Will    .....                    (no boots)
Stlth   ++                       (no amulet)
HPRegen 0.22/turn                (no ring)
MPRegen 0.07/turn                (no ring)

@: heavily drained
A: permanent stasis, dig shafts and tunnels, antennae 3, four strong arms
a: Dig


You were in the Dungeon.
You visited 1 branch You collected 54 gold pieces.

Inventory:

Hand Weapons
 a - a +0 shortbow (weapon)
Armour
 c - a +0 leather armour (worn)
Scrolls
 b - a scroll of immolation
 i - a scroll of blinking
Potions
 d - a potion of curing
 e - a potion of heal wounds
 f - a potion of haste
 g - 2 potions of magic
 h - a potion of berserk rage


   Skills:
 + Level 2.1 Fighting
 + Level 4.0 Ranged Weapons
 + Level 1.7 Dodging
 + Level 1.2 Stealth


You couldn't memorise any spells.
You didn't know any spells.
Your spell library was empty.

Dungeon Overview and Level Annotations

Branches:
Dungeon (1/1)

Altars:

Annotations:
D Ijyb


Innate Abilities, Weirdness & Mutations

You cannot be hasted, slowed, berserked, paralysed or teleported.
You can dig through walls and to a lower floor.
You have a pair of large antennae on your head. (SInv)
Your four strong arms can wield two-handed weapons with a shield.


Message History

Press ? for a list of commands and other information.
Found a staircase leading out of the dungeon.
There is a fountain of clear blue water here.
You extend your mandibles.
You dig through the rock wall.
You feel drained.
Found 54 gold pieces.
You retract your mandibles.
You now have 27 gold pieces.
You now have 54 gold pieces (gained 27).
There is a fountain of clear blue water here.
You start waiting.
Done waiting.
You start waiting.
Done waiting.
You start waiting.
You start waiting.
You start waiting.
You start waiting.
You start waiting.
You start waiting.
You start waiting.
You start waiting.
You start waiting.
You start waiting.
Done waiting.
You open the door.
Ijyb the Twisted Goblin comes into view.
She is wielding a +0 dagger and carrying a wand of light (14).
Ijyb shouts!
Ijyb zaps a wand.
The bolt of light misses you.
You shoot an arrow. The arrow barely misses Ijyb.
Ijyb attacks as you move away! Ijyb closely misses you.
Ijyb attacks as you move away! Ijyb hits you but does no damage.
There is a fountain of clear blue water here.
Ijyb attacks as you move away! Ijyb hits you with a +0 dagger.
You shoot an arrow. The arrow barely misses Ijyb.
Ijyb zaps a wand.
The bolt of light misses you.
You shoot an arrow. The arrow closely misses Ijyb.
Ijyb misses you.
You shoot an arrow. The arrow closely misses Ijyb.
Ijyb hits you with a +0 dagger.
Ijyb zaps a wand.
The bolt of light hits you!
Ouch! That really hurt!
You die...

#<.#..+
#..'..#
{
#..####
#..#
#..#
#..#
#⌠⌠#
##g#
#.@#
#### {
{ { {


You could see Ijyb.

Vanquished Creatures (others)
  A gargoyle (D)
1 creature vanquished.

Notes
Turn   | Place    | Note
-------+----------+-------------------------------------------
     0 | D        | sircluck the Formicid Hunter began the quest for the Orb.
     0 | D        | Reached XP level 1. HP: 16/16 MP: 1/1
   184 | D        | Killed a gargoyle
   638 | D        | Noticed Ijyb
   649 | D        | Killed from afar by Ijyb

Illustrated notes

Levels and vault maps discovered:
D:        dungeon_sprint_1 [red_sonja_temple_1, red_sonja_temple_small_1]

Action                     || total
---------------------------++-------
   Fire: Shortbow          ||     4
Ability: Dig               ||     1
 Armour: Leather armour    ||     1
  Dodge: Dodged            ||     4

Table legend: (Time is in decaauts)
 A = Elapsed time spent in this place.
 B = Non-inter-level travel time spent in this place.
 C = Inter-level travel time spent in this place.
 D = Time resting spent in this place.
 E = Time spent auto-exploring this place.
 F = Levels seen in this place.
 G = Mean time per level.
                   A        B        C        D        E       F      G
               +--------+--------+--------+--------+--------+-----+--------+
         Total |    649 |    649 |      0 |    616 |      0 |   1 |  649.0 |
       Dungeon |    649 |    649 |      0 |    616 |      0 |   1 |  649.0 |
               +--------+--------+--------+--------+--------+-----+--------+

Top non-repeatable levels by time:
       D: 649 daAuts
